 Dungeon Crawl Stone Soup version 0.25.0-8-gfd19cd77bd (webtiles) character file.

Game seed: 5311234185025897050

10578 Descartes the Protected (level 11, -4/92 HPs)
             Began as a Formicid Fighter on June 16, 2020.
             Was a Believer of Cheibriados.
             Slain by an alligator skeleton (15 damage)
             ... in a volcano.
             The game lasted 00:30:45 (12175 turns).

Descartes the Protected (Formicid Fighter)         Turns: 12175, Time: 00:30:46

Health: -4/92      AC: 16    Str: 30    XL:     11   Next: 95%
Magic:  16/16      EV: 10    Int: 15    God:    Cheibriados [**....]
Gold:   675        SH: 13    Dex: 23    Spells: 7/10 levels left

rFire    . . .     SeeInvis +   N - +9 falchion of the Lamprey {freeze, *Rage MR+ Str+5 Dex+3}
rCold    . . .     Gourm    .   c - +0 kite shield
rNeg     . . .     Faith    .   R - +1 swamp dragon scales
rPois    +         Spirit   .   (helmet unavailable)
rElec    .         Reflect  .   O - +0 cloak
rCorr    .         Harm     .   (no gloves)
MR       ++...                  (no boots)
Stlth    +.........             C - amulet of magic regeneration
HPRegen  0.25/turn              e - +4 ring of protection
MPRegen  0.40/turn              s - +6 ring of dexterity

@: very slow
A: permanent stasis, dig shafts and tunnels, four strong arms, antennae 3
a: Dig, Shaft Self, Bend Time, Renounce Religion


You were in a volcano.
You worshipped Cheibriados.
Cheibriados was pleased with you.
You were not hungry.

You visited 3 branches of the dungeon, and saw 12 of its levels.
You also visited: Volcano.

You collected 675 gold pieces.

Inventory:

Hand Weapons
 r - a +4 eveningstar
 N - the +9 falchion of the Lamprey (weapon) {freeze, *Rage MR+ Str+5 Dex+3}
   (You found it on level 6 of the Dungeon)

   It has been specially enchanted to freeze those struck by it, causing extra
   injury to most foes and up to half again as much damage against particularly
   susceptible opponents.
   It can also slow down cold-blooded creatures.
   It affects your strength (+5).
   It affects your dexterity (+3).
   It affects your resistance to hostile enchantments.
   It may make you go berserk in combat.
Missiles
 h - 20 poisoned darts (quivered)
 l - 162 stones
 o - 4 silver javelins
 x - 118 arrows
 H - 5 boomerangs
 W - 4 throwing nets
 X - 4 javelins
 Z - 15 atropa-tipped darts
Armour
 c - a +0 kite shield (worn)
 O - a +0 cloak (worn)
 R - +1 swamp dragon scales (worn)
Jewellery
 e - a +4 ring of protection (left hand)
 s - a +6 ring of dexterity (right hand)
 C - an amulet of magic regeneration (around neck)
Wands
 P - a wand of acid (9)
Scrolls
 b - a scroll of immolation {unknown}
 g - a scroll of magic mapping
 i - 2 scrolls of remove curse
 k - a scroll of vulnerability {unknown}
 q - 2 scrolls of teleportation {unknown}
 y - 2 scrolls of amnesia
 z - 2 scrolls of enchant weapon {unknown}
 D - a scroll of fear {unknown}
 F - 4 scrolls of fog {unknown}
 G - 3 scrolls of enchant armour
 S - a scroll of summoning {unknown}
 T - a scroll of torment {unknown}
Potions
 d - 4 potions of might
 j - 6 potions of curing
 m - 5 potions of heal wounds
 t - 2 potions of stabbing
 u - a potion of invisibility
 v - 3 potions of lignification
 B - a potion of magic
 M - 3 potions of brilliance
Comestibles
 f - 20 rations


   Skills:
 + Level 10.9 Fighting
 + Level 6.1 Long Blades
   Level 2.0 Axes
 + Level 10.9 Armour
 - Level 9.0 Shields
 + Level 5.0 Invocations
 + Level 6.7 Evocations


You had 7 spell levels left.
You knew the following spells:

 Your Spells              Type           Power        Failure   Level  Hunger
a - Dazzling Flash        Conj/Hex       #.....       71%         3    ####...

Your spell library contained the following spells:

 Spells                   Type           Power        Failure   Level  Hunger
 Animate Skeleton         Necr           N/A          34%         1    ##.....
 Apportation              Tloc           #.....       34%         1    ##.....
 Corona                   Hex            #......      34%         1    ##.....
 Magic Dart               Conj           #...         34%         1    ##.....
 Summon Small Mammal      Summ           #...         34%         1    ##.....
 Searing Ray              Conj           #.....       47%         2    ###....
 Fulminant Prism          Conj/Hex       #.........   98%         4    #####..
 Iskenderun's Mystic Bla  Conj/Tloc      #.......     98%         4    #####..


Dungeon Overview and Level Annotations

Branches:
Dungeon (10/15)            Temple (1/1) D:5            Lair (1/6) D:10
Volcano (1/1)
    Orc: D:9-12

Altars:
Ashenzari
Cheibriados
Dithmenos
Elyvilon
Fedhas
Gozag
Hepliaklqana
Kikubaaqudgha
Makhleb
Nemelex Xobeh
Okawaru
Qazlal
Ru
Sif Muna
Trog
Uskayaw
Vehumet
Wu Jian
Xom
Yredelemnul
Zin
The Shining One


Innate Abilities, Weirdness & Mutations

You cannot be hasted, slowed, berserked, paralysed or teleported.
You can dig through walls and to a lower floor.
Your four strong arms can wield two-handed weapons with a shield.
You have a pair of large antennae on your head. (SInv)


Message History

The alligator skeleton closely misses you.
You block the alligator skeleton's attack.
The skeletal warrior hits you with a +2 halberd of flaming!
The skeletal warrior burns you.
You barely miss the skeletal warrior.
The skeletal warrior is moderately damaged.
The alligator skeleton bites you!
The alligator skeleton tail-slaps you but does no damage.
The skeletal warrior hits you with a +2 halberd of flaming!
* * * LOW HITPOINT WARNING * * *
The skeletal warrior burns you.
* * * LOW HITPOINT WARNING * * *
The alligator skeleton bites you but does no damage.
You block the alligator skeleton's attack.
The skeletal warrior hits you from afar with a +2 halberd of flaming.
* * * LOW HITPOINT WARNING * * *
The skeletal warrior burns you.
* * * LOW HITPOINT WARNING * * *
The alligator skeleton bites you!
You die...

≈## .# §§§≈≈≈≈# .#
≈≈§§≈≈≈≈§## .# {#{
≈§§≈≈≈§≈≈≈## ##.##.##
≈≈≈≈≈§≈≈§§≈###
##......##
≈§≈≈§§§≈§..#.##{........
§≈§≈≈≈≈.....§.###Z#..#.#
§§§≈§≈≈§≈≈......@.zZ...#
≈≈≈§≈§≈.≈...§.###.#..#.#
≈≈§§≈........##{........
.≈.......#####
##......## .......###
##.∩.### .....### ...#
...### #### ..## ###


You could see a skeletal warrior and 2 alligator skeletons.

Vanquished Creatures
  Harold (D:8)
  A two-headed ogre (D:9)
  Urug (D:10)
  A deep elf mage (D:9)
  A cyclops (D:7)
  Maurice (D:8)
  Maggie (D:6)
  3 hippogriffs
  2 flying skulls (Volcano)
  A wyvern (D:10)
  A vampire (D:7)
  Sigmund (D:2)
  4 yaks (D:10)
  A hungry ghost (D:8)
  3 porcupines (D:10)
  3 sky beasts
  A black bear (D:8)
  3 ice beasts
  3 orc warriors
  6 ogres
  An eye of draining (D:8)
  3 centaurs
  A phantom (D:5)
  4 crocodiles (D:10)
  4 bullfrogs
  A wyvern zombie (D:6)
  2 scorpions
  2 water moccasin skeletons
  5 wights (D:6)
  4 howler monkeys
  A centaur zombie (D:7)
  8 crimson imps
  A bullfrog zombie (D:7)
  4 hounds
  2 quasits (D:10)
  A gnoll shaman (D:4)
  6 orc priests
  5 jellies
  11 orc wizards
  2 bullfrog skeletons
  2 iguanas (D:10)
  Natasha (thrice) (D:2)
  6 worker ants
  A hound zombie (D:7)
  A hound skeleton (D:7)
  A worker ant zombie (D:8)
  9 gnolls
  15 adders
  An adder zombie (D:9)
  4 worms
  3 dart slugs
  9 leopard geckos
  28 orcs
  7 giant cockroaches
  8 goblins
  7 hobgoblins
  14 jackals
  2 kobolds
  4 quokkas
  2 ball pythons
  6 bats
  2 frilled lizards
  A quokka skeleton (D:4)
  A quokka zombie (D:6)
  7 rats
251 creatures vanquished.

Vanquished Creatures (others)
  2 plants (D:10)
2 creatures vanquished.

Grand Total: 253 creatures vanquished

Notes
Turn   | Place    | Note
-------+----------+-------------------------------------------
     0 | D:1      | Descartes the Formicid Fighter began the quest for the Orb.
     0 | D:1      | Reached XP level 1. HP: 18/18 MP: 1/1
     8 | D:1      | Noticed a minotaur skeleton
    12 | D:1      | Noticed a minotaur skeleton
    14 | D:1      | Noticed a minotaur skeleton
    84 | D:1      | Reached XP level 2. HP: 17/24 MP: 2/2
   745 | D:1      | Reached XP level 3. HP: 30/30 MP: 3/3
  1140 | D:2      | Noticed Sigmund
  1149 | D:2      | Killed Sigmund
  1149 | D:2      | Reached skill level 5 in Shields
  1149 | D:2      | Reached XP level 4. HP: 38/38 MP: 4/4
  1149 | D:2      | Reached XP level 5. HP: 43/43 MP: 5/5
  1316 | D:2      | Reached XP level 6. HP: 46/49 MP: 6/6
  1652 | D:2      | Noticed Natasha
  1723 | D:2      | Killed Natasha
  1723 | D:2      | Reached skill level 5 in Fighting
  1723 | D:2      | Reached skill level 5 in Armour
  1750 | D:2      | Noticed Natasha
  1768 | D:2      | Killed Natasha
  2210 | D:3      | Noticed a hippogriff
  2236 | D:3      | Killed a hippogriff
  2236 | D:3      | Reached XP level 7. HP: 36/56 MP: 7/7
  2395 | D:3      | Found a shattered altar of Ashenzari.
  3282 | D:4      | Reached XP level 8. HP: 26/64 MP: 8/8
  3540 | D:2      | Noticed Natasha
  3549 | D:2      | Killed Natasha
  3813 | D:5      | Entered Level 5 of the Dungeon
  4161 | D:5      | Found a staircase to the Ecumenical Temple.
  4200 | Temple   | Entered the Ecumenical Temple
  4342 | D:5      | Found a shimmering altar of Xom.
  5315 | D:5      | Reached XP level 9. HP: 72/72 MP: 9/9
  5557 | D:6      | Found a radiant altar of Vehumet.
  5632 | D:6      | Got a twisted whip
  5633 | D:6      | Identified the cursed +0 whip "Goblinbane" {flame, Str-2
                  | Dex+7} (You found it on level 6 of the Dungeon)
  5676 | D:6      | Found a glowing silver altar of Zin.
  5677 | D:6      | Found a shimmering blue altar of Sif Muna.
  5677 | D:6      | Found a bloodstained altar of Trog.
  5698 | D:6      | Found a sacrificial altar of Ru.
  5836 | D:6      | Found a stormy altar of Qazlal.
  6776 | D:6      | Got a fine falchion
  6778 | D:6      | Identified the +9 falchion of the Lamprey {freeze, *Rage
                  | MR+ Str+5 Dex+3} (You found it on level 6 of the Dungeon)
  7051 | D:6      | Noticed Maggie
  7064 | D:6      | Killed Maggie
  7064 | D:6      | Reached skill level 1 in Long Blades
  7064 | D:6      | Reached skill level 1 in Evocations
  7122 | D:6      | Reached XP level 10. HP: 60/82 MP: 11/11
  7964 | D:7      | Found a basalt altar of Yredelemnul.
  7964 | D:7      | Found a hazy altar of Hepliaklqana.
  7965 | D:7      | Found an ancient bone altar of Kikubaaqudgha.
  8189 | D:7      | Noticed a cyclops
  8206 | D:7      | Killed a cyclops
  8458 | D:7      | Found a snail-covered altar of Cheibriados.
  8467 | D:7      | Became a worshipper of Cheibriados the Contemplative
  8711 | D:8      | Paralysed by fainting for 5 turns
  8726 | D:8      | Noticed Maurice
  9026 | D:8      | Killed Maurice
  9026 | D:8      | Reached skill level 10 in Armour
  9041 | D:8      | Learned a level 3 spell: Dazzling Flash
  9194 | D:8      | Noticed Harold
  9203 | D:8      | Killed Harold
  9203 | D:8      | Reached skill level 10 in Fighting
  9203 | D:8      | Reached skill level 1 in Invocations
  9203 | D:8      | Reached skill level 5 in Evocations
  9203 | D:8      | Reached XP level 11. HP: 90/90 MP: 14/14
  9374 | D:8      | Found a white marble altar of Elyvilon.
 10012 | D:9      | Found a radiant altar of Vehumet.
 10012 | D:9      | Noticed a deep elf mage
 10020 | D:9      | Killed a deep elf mage
 10020 | D:9      | Reached skill level 5 in Long Blades
 10384 | D:9      | Reached * piety under Cheibriados
 10467 | D:9      | Noticed a two-headed ogre
 10473 | D:9      | Killed a two-headed ogre
 10847 | D:10     | Entered Level 10 of the Dungeon
 11100 | D:10     | Noticed Urug
 11118 | D:10     | Killed Urug
 11497 | D:10     | Reached ** piety under Cheibriados
 11534 | D:10     | Found a staircase to the Lair.
 12080 | Lair:1   | Entered Level 1 of the Lair of Beasts
 12110 | Lair:1   | Found a dark tunnel.
 12129 | Volcano  | Entered a volcano
 12138 | Volcano  | Reached skill level 5 in Invocations
 12167 | Volcano  | Noticed a skeletal warrior
 12175 | Volcano  | Slain by an alligator skeleton

Illustrated notes

Levels and vault maps discovered:
D:1:      shiori_arrival_whats_in_store_for_you, layout_basic
D:2:      layout_basic, uniq_natasha, uniq_sigmund
D:3:      layout_basic, first_ration, cheibrodos_ashenzari_chains
D:4:      layout_rooms
D:5:      layout_basic, led_xom_imps, minmay_temple_entry_statues_pillars,
          kennysheep_cluttered_room
D:6:      layout_loops_ring, old_standard_altar, lemuel_round_altar,
          vehumet_altar_wand_db, chequers_temple_overflow_statue_of_worship,
          dk_noncrumbling_4, uniq_maggie
D:7:      layout_rooms, gammafunk_temple_overflow_claw, slow_altar_2,
          wad_mini_maze
D:8:      layout_loops_cross, elyvilon_altar_1, grunt_ogre_cave, uniq_harold,
          uniq_maurice
D:9:      layout_roguey, david_defended_altar_elf
D:10:     layout_roguey, minmay_lair_entry_grove, uniq_urug
Temple:   compressed_dpeg_circular_temple
Lair:1:   layout_regular_city, enter_volcano_1, gauntlet_entry_generic,
          chequers_serial_rivers_room_a
Volcano:  volcano_tomb [vts_chambers]

Skill      XL: |  1  2  3  4  5  6  7  8  9 10 11 |
---------------+----------------------------------+-----
Shields        | 4 5 6 8 9 |  9.0
Fighting       | 4 5 6 7 8 10 | 10.9
Armour         | 4 5 6 7 9 10 | 10.9
Long Blades    | 1 4 6 |  6.1
Evocations     | 2 5 6 |  6.7
Invocations    | 1 5 |  5.0
Axes           | |  2.0

Action                   |  1- 3 |  4- 6 |  7- 9 | 10-12 || total
-------------------------+-------+-------+-------+-------++-------
Melee: War axe           |   102 |   159 |   536 |       ||   797
       Falchion          |       |       |    40 |   387 ||   427
Invok: Bend Time         |       |       |       |     1 ||     1
 Abil: Dig               |       |       |     3 |     1 ||     4
  Use: Scroll            |       |       |    10 |     6 ||    16
  Eat: Chunk             |     1 |     4 |    18 |    17 ||    40
Armor: Scale mail        |    50 |       |       |       ||    50
       Plate armour      |     2 |    87 |   219 |       ||   308
       Leather armour    |       |       |    14 |       ||    14
       Swamp dragon scal |       |       |       |   102 ||   102
Dodge: Dodged            |    46 |    64 |   224 |   154 ||   488
Block: Kite shield       |    71 |   102 |   402 |   244 ||   819
       Rpst.: Falchion   |       |       |     5 |    29 ||    34
